| TOP OF THE 1ST |
|
Great Falls Voyagers batting - Pitching for Orem Owlz : RHP Michael Coleman
|
|
Pitching: RHP Michael Coleman
|
|
|
Batting: RHB Andy Cotton
|
0-0: Called Strike 0-1: Called Strike 0-2: Ball 1-2: Strikes out swinging
|
|
Batting: RHB Russ Cornett
|
0-0: Fly out, F8 (Flyball, 78D, EV 87.5 MPH)
|
|
Batting: SHB Rob Haney
|
0-0: SINGLE (Line Drive, 7LM, EV 105.6 MPH)
|
|
Batting: RHB Mitch Cuadros
|
0-0: Called Strike Rob Haney steals 2nd base 0-1: Ball 1-1: Ground out 5-3 (Groundball, 56, EV 103.8 MPH)
|
| Top of the 1st over - 0 runs, 1 hit, 0 errors, 1 left on base; Great Falls 0 - Orem 0 |
| BOTTOM OF THE 1ST |
|
Orem Owlz batting - Pitching for Great Falls Voyagers : RHP Nate Woodard
|
|
Pitching: RHP Nate Woodard
|
|
|
Batting: RHB Ivan Barrientos
|
0-0: Swinging Strike 0-1: Ball 1-1: Ball 2-1: Ball 3-1: SINGLE (Groundball, 13S, EV 65.0 MPH) (infield hit)
|
|
Batting: RHB Fred Saxton
|
0-0: Called Strike 0-1: Called Strike Ivan Barrientos is caught stealing 2nd base 2-4 0-2: Ball 1-2: DOUBLE (Line Drive, 89D, EV 100.6 MPH)
|
|
Batting: LHB Ramon Garduno
|
0-0: Called Strike 0-1: Ball 1-1: Swinging Strike 1-2: Ball 2-2: Strikes out looking
|
|
Batting: RHB Brian Spry
|
0-0: Called Strike 0-1: Fly out, F9 (Flyball, 9LM, EV 109.4 MPH)
|
| Bottom of the 1st over - 0 runs, 2 hits, 0 errors, 1 left on base; Great Falls 0 - Orem 0 |
| TOP OF THE 2ND |
|
Great Falls Voyagers batting - Pitching for Orem Owlz : RHP Michael Coleman
|
|
Batting: RHB Tommy Ellington
|
0-0: Swinging Strike 0-1: Swinging Strike 0-2: Ball 1-2: Strikes out swinging
|
|
Batting: RHB Francisco Marin
|
0-0: Ball 1-0: Ball 2-0: Foul Ball, location: 2F 2-1: Foul Ball, location: 2F 2-2: Ground out 6-3 (Groundball, 6, EV 103.8 MPH)
|
|
Batting: RHB David Laureano
|
0-0: Foul Ball, location: 2F 0-1: Swinging Strike 0-2: SINGLE (Groundball, 34D, EV 103.1 MPH)
|
|
Batting: LHB Jose Pereyra
|
0-0: Foul Ball, location: 2F 0-1: 2-RUN HOME RUN (Flyball, 9LD, EV 98.8 MPH), Distance : 373 ft
|
|
Batting: RHB Enrique Gomez
|
0-0: Foul Ball, location: 2F 0-1: DOUBLE (Line Drive, 5D, EV 93.8 MPH)
|
|
Batting: RHB Andy Cotton
|
0-0: Called Strike 0-1: Foul Ball, location: 2F 0-2: Foul Ball, location: 2F 0-2: Foul Ball, location: 2F 0-2: Foul Ball, location: 2F 0-2: Ball 1-2: Foul Ball, location: 2F 1-2: Ground out 4-3 (Groundball, 4, EV 80.0 MPH)
|
| Top of the 2nd over - 2 runs, 3 hits, 0 errors, 1 left on base; Great Falls 2 - Orem 0 |
| BOTTOM OF THE 2ND |
|
Orem Owlz batting - Pitching for Great Falls Voyagers : RHP Nate Woodard
|
|
Batting: LHB Bill Girton
|
0-0: DOUBLE (Line Drive, 89D, EV 104.4 MPH)
|
|
Batting: SHB David Vigo
|
0-0: Called Strike Bill Girton is caught stealing 3rd base 2-5 0-1: Ball 1-1: SINGLE (Groundball, 4D, EV 98.1 MPH)
|
|
Batting: SHB Yuya Hirata
|
0-0: Swinging Strike 0-1: Ball 1-1: Ball 2-1: Ball 3-1: Fly out, F6 (Popup, 56D, EV 58.8 MPH)
|
|
Batting: RHB Jesse Sargent
|
0-0: Called Strike David Vigo is caught stealing 2nd base 2-4
|
| Bottom of the 2nd over - 0 runs, 2 hits, 0 errors, 0 left on base; Great Falls 2 - Orem 0 |
| TOP OF THE 3RD |
|
Great Falls Voyagers batting - Pitching for Orem Owlz : RHP Michael Coleman
|
|
Batting: RHB Russ Cornett
|
0-0: Called Strike 0-1: Ball 1-1: DOUBLE (Flyball, 8RXD, EV 95.0 MPH)
|
|
Batting: SHB Rob Haney
|
0-0: Called Strike 0-1: Ball 1-1: Swinging Strike 1-2: Strikes out swinging
|
|
Batting: RHB Mitch Cuadros
|
0-0: Ball 1-0: Ball 2-0: Foul Ball, location: 2F 2-1: Foul Ball, location: 2F 2-2: Fly out, F6 (Popup, P, EV 81.9 MPH)
|
|
Batting: RHB Tommy Ellington
|
0-0: Ball 1-0: Called Strike 1-1: SINGLE (Groundball, 6MD, EV 95.0 MPH) Russ Cornett to third Throwing error, E8 Russ Cornett scores Tommy Ellington to second
|
|
Batting: RHB Francisco Marin
|
0-0: Ball 1-0: Called Strike 1-1: Ball 2-1: Swinging Strike 2-2: Ball 3-2: Fly out, F8 (Line Drive, 8RM, EV 86.9 MPH)
|
| Top of the 3rd over - 1 run, 2 hits, 1 error, 1 left on base; Great Falls 3 - Orem 0 |
| BOTTOM OF THE 3RD |
|
Orem Owlz batting - Pitching for Great Falls Voyagers : RHP Nate Woodard
|
|
Batting: RHB Jesse Sargent
|
0-0: Ball 1-0: Ball 2-0: Called Strike 2-1: Ball 3-1: Ground out 2-3 (Groundball, 2R, EV 68.1 MPH)
|
|
Batting: RHB Carlos Gonzales
|
0-0: Fly out, F7 (Flyball, 7, EV 82.5 MPH)
|
|
Batting: RHB Ivan Barrientos
|
0-0: Ball 1-0: Ground out 5-3 (Groundball, 56, EV 103.1 MPH)
|
| Bottom of the 3rd over - 0 runs, 0 hits, 0 errors, 0 left on base; Great Falls 3 - Orem 0 |
| TOP OF THE 4TH |
|
Great Falls Voyagers batting - Pitching for Orem Owlz : RHP Michael Coleman
|
|
Batting: RHB David Laureano
|
0-0: Ball 1-0: Called Strike 1-1: Fly out, F7 (Flyball, 7D, EV 90.0 MPH)
|
|
Batting: LHB Jose Pereyra
|
0-0: Called Strike 0-1: Fly out, F8 (Line Drive, 8LXD, EV 96.9 MPH)
|
|
Batting: RHB Enrique Gomez
|
0-0: Called Strike 0-1: Ball 1-1: Called Strike 1-2: Ball 2-2: Foul Ball, location: 2F 2-2: Ground out 1-3 (Groundball, 13, EV 75.0 MPH)
|
| Top of the 4th over - 0 runs, 0 hits, 0 errors, 0 left on base; Great Falls 3 - Orem 0 |
| BOTTOM OF THE 4TH |
|
Orem Owlz batting - Pitching for Great Falls Voyagers : RHP Nate Woodard
|
|
Batting: RHB Fred Saxton
|
0-0: Ball 1-0: Fly out, F5 (Line Drive, 56, EV 63.8 MPH)
|
|
Batting: LHB Ramon Garduno
|
0-0: Foul Ball, location: 2F 0-1: Swinging Strike 0-2: Ball 1-2: Strikes out looking
|
|
Batting: RHB Brian Spry
|
0-0: Ball 1-0: Foul Ball, location: 2F 1-1: Ball 2-1: DOUBLE (Line Drive, 89XD, EV 100.0 MPH)
|
|
Batting: LHB Bill Girton
|
0-0: Ball 1-0: Called Strike 1-1: Called Strike 1-2: Ball 2-2: Ball 3-2: Strikes out swinging
|
| Bottom of the 4th over - 0 runs, 1 hit, 0 errors, 1 left on base; Great Falls 3 - Orem 0 |
| TOP OF THE 5TH |
|
Great Falls Voyagers batting - Pitching for Orem Owlz : RHP Michael Coleman
|
|
Batting: RHB Andy Cotton
|
0-0: Ball 1-0: Ball 2-0: Foul Ball, location: 2F 2-1: SOLO HOME RUN (Line Drive, 7LD, EV 99.4 MPH), Distance : 366 ft
|
|
Batting: RHB Russ Cornett
|
0-0: Ball 1-0: Called Strike 1-1: Ground out 5-3 (Groundball, 56, EV 109.4 MPH)
|
|
Batting: SHB Rob Haney
|
0-0: Called Strike 0-1: Swinging Strike 0-2: Ball 1-2: Hit by Pitch
|
|
Batting: RHB Mitch Cuadros
|
0-0: Called Strike Rob Haney steals 2nd base 0-1: Ball 1-1: DOUBLE (Flyball, 8LXD, EV 89.4 MPH) Rob Haney scores
|
|
Pitching: LHP Ismael Flores
|
|
|
Batting: RHB Tommy Ellington
|
0-0: Ball 1-0: Ball Wild Pitch! Mitch Cuadros to third 2-0: Ball 3-0: Base on Balls
|
|
Batting: RHB Francisco Marin
|
0-0: Ball 1-0: Called Strike 1-1: Ball 2-1: Called Strike 2-2: Foul Ball, location: 2F 2-2: Foul Ball, location: 2F 2-2: Strikes out looking
|
|
Batting: RHB David Laureano
|
0-0: Swinging Strike 0-1: Foul Ball, location: 2F 0-2: Ball 1-2: Strikes out looking
|
| Top of the 5th over - 2 runs, 2 hits, 0 errors, 2 left on base; Great Falls 5 - Orem 0 |
| BOTTOM OF THE 5TH |
|
Orem Owlz batting - Pitching for Great Falls Voyagers : RHP Nate Woodard
|
|
Batting: SHB David Vigo
|
0-0: Fly out, F8 (Flyball, 8RD, EV 106.2 MPH)
|
|
Batting: SHB Yuya Hirata
|
0-0: Foul Ball, location: 2F 0-1: Ball 1-1: Called Strike 1-2: Ball 2-2: Foul Ball, location: 2F 2-2: Ground out 4-3 (Groundball, 4, EV 88.8 MPH)
|
|
Batting: RHB Jesse Sargent
|
0-0: Fly out, F8 (Flyball, 8LD, EV 75.0 MPH)
|
| Bottom of the 5th over - 0 runs, 0 hits, 0 errors, 0 left on base; Great Falls 5 - Orem 0 |
| TOP OF THE 6TH |
|
Great Falls Voyagers batting - Pitching for Orem Owlz : LHP Ismael Flores
|
|
Batting: LHB Jose Pereyra
|
0-0: Ball 1-0: Called Strike 1-1: Ball 2-1: Ground out U3 (Groundball, 3, EV 88.1 MPH)
|
|
Batting: RHB Enrique Gomez
|
0-0: Ball 1-0: Called Strike 1-1: Foul Ball, location: 2F 1-2: Foul Ball, location: 2F 1-2: Ground out 5-3 (Groundball, 56, EV 78.1 MPH)
|
|
Batting: RHB Andy Cotton
|
0-0: Ball 1-0: Ball 2-0: Called Strike 2-1: Ball 3-1: Foul Ball, location: 2F 3-2: TRIPLE (Flyball, 8LXD, EV 103.8 MPH)
|
|
Pitching: RHP Victor Padilla
|
|
|
Batting: RHB Russ Cornett
|
0-0: Foul Ball, location: 2F 0-1: Called Strike 0-2: DOUBLE (Line Drive, 89D, EV 103.1 MPH) Andy Cotton scores
|
|
Batting: SHB Rob Haney
|
0-0: Hit by Pitch
|
|
Batting: RHB Mitch Cuadros
|
0-0: Ground out 5-3 (Groundball, 56S, EV 87.5 MPH)
|
| Top of the 6th over - 1 run, 2 hits, 0 errors, 2 left on base; Great Falls 6 - Orem 0 |
| BOTTOM OF THE 6TH |
|
Orem Owlz batting - Pitching for Great Falls Voyagers : RHP Nate Woodard
|
|
Batting: RHB Carlos Gonzales
|
0-0: Ground out 5-3 (Groundball, 56, EV 80.0 MPH)
|
|
Batting: RHB Ivan Barrientos
|
0-0: Fly out, F8 (Flyball, 8RS, EV 75.6 MPH)
|
|
Batting: RHB Fred Saxton
|
0-0: Ball 1-0: Foul Ball, location: 2F 1-1: Foul Ball, location: 2F 1-2: Strikes out swinging
|
| Bottom of the 6th over - 0 runs, 0 hits, 0 errors, 0 left on base; Great Falls 6 - Orem 0 |
| TOP OF THE 7TH |
|
Great Falls Voyagers batting - Pitching for Orem Owlz : RHP Victor Padilla
|
|
Batting: RHB Tommy Ellington
|
0-0: Ground out 6-3 (Groundball, 56, EV 85.0 MPH)
|
|
Batting: RHB Francisco Marin
|
0-0: Foul Ball, location: 2F 0-1: Called Strike 0-2: Foul Ball, location: 2F 0-2: Ball 1-2: Ball 2-2: Ball 3-2: Foul Ball, location: 2F 3-2: SOLO HOME RUN (Flyball, 7D, EV 102.5 MPH), Distance : 405 ft
|
|
Pinch Hitting: SHB Jose Romo
|
0-0: Fly out, F8 (Flyball, 8LD, EV 90.0 MPH)
|
|
Batting: LHB Jose Pereyra
|
0-0: Called Strike 0-1: Swinging Strike 0-2: Ball 1-2: Ball 2-2: Fly out, F2 (Popup, 25F, EV 81.9 MPH)
|
| Top of the 7th over - 1 run, 1 hit, 0 errors, 0 left on base; Great Falls 7 - Orem 0 |
| BOTTOM OF THE 7TH |
|
Orem Owlz batting - Pitching for Great Falls Voyagers : RHP Nate Woodard
|
|
Now at 2B: Rob Haney
|
|
|
Now at SS: Jose Romo
|
|
|
Batting: LHB Ramon Garduno
|
0-0: Foul Ball, location: 2F 0-1: Ball 1-1: Called Strike 1-2: Ball 2-2: Strikes out swinging
|
|
Batting: RHB Brian Spry
|
0-0: Ball 1-0: Foul Ball, location: 2F 1-1: Ball 2-1: Ball 3-1: Called Strike 3-2: Strikes out swinging
|
|
Batting: LHB Bill Girton
|
0-0: Ball 1-0: Called Strike 1-1: Foul Ball, location: 2F 1-2: Foul Ball, location: 2F 1-2: Ball 2-2: Foul Ball, location: 2F 2-2: Strikes out swinging
|
| Bottom of the 7th over - 0 runs, 0 hits, 0 errors, 0 left on base; Great Falls 7 - Orem 0 |
| TOP OF THE 8TH |
|
Great Falls Voyagers batting - Pitching for Orem Owlz : RHP Victor Padilla
|
|
Batting: RHB Enrique Gomez
|
0-0: Ball 1-0: Called Strike 1-1: Fly out, F3 (Popup, 3F, EV 58.1 MPH)
|
|
Batting: RHB Andy Cotton
|
0-0: Called Strike 0-1: Ball 1-1: Ball 2-1: Ball 3-1: Foul Ball, location: 2F 3-2: Foul Ball, location: 2F 3-2: Base on Balls
|
|
Batting: RHB Russ Cornett
|
0-0: Ball 1-0: Ball 2-0: Foul Ball, location: 2F 2-1: Swinging Strike 2-2: Ball 3-2: Ground out 1-3 (Groundball, 13, EV 68.8 MPH) Andy Cotton to second
|
|
Batting: SHB Rob Haney
|
0-0: Ball 1-0: Ball 2-0: Foul Ball, location: 2F 2-1: Foul Ball, location: 2F 2-2: Strikes out swinging
|
| Top of the 8th over - 0 runs, 0 hits, 0 errors, 1 left on base; Great Falls 7 - Orem 0 |
| BOTTOM OF THE 8TH |
|
Orem Owlz batting - Pitching for Great Falls Voyagers : RHP Nate Woodard
|
|
Batting: SHB David Vigo
|
0-0: Called Strike 0-1: Swinging Strike 0-2: Ball 1-2: Strikes out looking
|
|
Batting: SHB Yuya Hirata
|
0-0: Foul Ball, location: 2F 0-1: Ball 1-1: Fly out, F8 (Flyball, 8LD, EV 81.2 MPH)
|
|
Batting: RHB Jesse Sargent
|
0-0: Fly out, F8 (Flyball, 8LM, EV 78.8 MPH)
|
| Bottom of the 8th over - 0 runs, 0 hits, 0 errors, 0 left on base; Great Falls 7 - Orem 0 |
| TOP OF THE 9TH |
|
Great Falls Voyagers batting - Pitching for Orem Owlz : RHP Victor Padilla
|
|
Pitching: LHP Yee Koh
|
|
|
Batting: RHB Mitch Cuadros
|
0-0: Ball 1-0: Ground out 6-3 (Groundball, 6, EV 78.8 MPH)
|
|
Batting: RHB Tommy Ellington
|
0-0: Foul Ball, location: 2F 0-1: SINGLE (Line Drive, 6D, EV 94.4 MPH)
|
|
Batting: RHB Francisco Marin
|
0-0: Ball 1-0: Ball 2-0: Ball 3-0: Base on Balls Tommy Ellington to second
|
|
Batting: SHB Jose Romo
|
0-0: Called Strike 0-1: Ball 1-1: Ball 2-1: Foul Ball, location: 2F 2-2: Ball 3-2: Foul Ball, location: 2F 3-2: Strikes out swinging
|
|
Pinch Hitting: RHB Brad Adams Jr.
|
0-0: Ball 1-0: Swinging Strike 1-1: Foul Ball, location: 2F 1-2: Ground out U3 (Groundball, 3, EV 103.1 MPH)
|
| Top of the 9th over - 0 runs, 1 hit, 0 errors, 2 left on base; Great Falls 7 - Orem 0 |
| BOTTOM OF THE 9TH |
|
Orem Owlz batting - Pitching for Great Falls Voyagers : RHP Nate Woodard
|
|
Pitching: RHP Mark Fedor
|
|
|
Now in LF: David Cortez
|
|
|
Pinch Hitting: LHB Matthew Bale
|
0-0: Ball 1-0: Called Strike 1-1: Foul Ball, location: 2F 1-2: SINGLE (Line Drive, 7S, EV 108.8 MPH)
|
|
Batting: RHB Ivan Barrientos
|
0-0: Ball 1-0: Called Strike 1-1: Ball 2-1: Swinging Strike 2-2: Foul Ball, location: 2F 2-2: Strikes out swinging
|
|
Batting: RHB Fred Saxton
|
0-0: Ball 1-0: Called Strike 1-1: SINGLE (Groundball, 6S, EV 66.9 MPH) (infield hit) Matthew Bale to second
|
|
Batting: LHB Ramon Garduno
|
0-0: Called Strike 0-1: Swinging Strike 0-2: Ball 1-2: Ball Wild Pitch! Matthew Bale to third Fred Saxton to second 2-2: Ball 3-2: Base on Balls
|
|
Batting: RHB Brian Spry
|
0-0: Ball 1-0: Swinging Strike 1-1: Swinging Strike 1-2: Ball 2-2: Strikes out swinging
|
|
Batting: LHB Bill Girton
|
0-0: Ball 1-0: Swinging Strike 1-1: Called Strike 1-2: Ball 2-2: Strikes out swinging
|
| Bottom of the 9th over - 0 runs, 2 hits, 0 errors, 3 left on base; Great Falls 7 - Orem 0 |
|